APP
HELENA BREWERS @ MIAMI (APP) MARLINS
09/02/2044
 
TOP OF THE 1ST
Helena Brewers batting - Pitching for Miami (APP) Marlins : RHP Adam Brown
Pitching: RHP Adam Brown
Batting: RHB Nick Cummings 0-0: Foul Ball, location: 2F
0-1: SINGLE (Groundball, 4MS, EV 67.5 MPH) (infield hit)
Batting: LHB Gabe Harvey 0-0: Called Strike
0-1: Ball
1-1: Foul Ball, location: 2F
1-2: Reached on error, E7 (Flyball, 78M, EV 90.6 MPH)
Nick Cummings to second
Batting: SHB Mike Williams 0-0: Foul Ball, location: 2F
0-1: Called Strike
0-2: Ball
1-2: Foul Ball, location: 2F
1-2: Fielders Choice at 2nd, 6-4 (Groundball, 6, EV 93.1 MPH)
Nick Cummings to third
Batting: RHB Josh Nelson 0-0: Called Strike
0-1: Ball
1-1: Ball
2-1: Foul Ball, location: 2F
2-2: Ball
3-2: Strikes out swinging
Mike Williams steals 2nd base (no throw)
Batter strikes out.
Batting: LHB Pablo Cardona 0-0: Foul Ball, location: 2F
0-1: Ball
1-1: Swinging Strike
1-2: Ground out U3 (Groundball, 34, EV 98.8 MPH)
Top of the 1st over - 0 runs, 1 hit, 1 error, 2 left on base; Helena 0 - Miami (APP) 0
BOTTOM OF THE 1ST
Miami (APP) Marlins batting - Pitching for Helena Brewers : LHP Nolan Stefanski
Pitching: LHP Nolan Stefanski
Batting: RHB Adrian Bocker 0-0: Called Strike
0-1: Ground out 6-3 (Groundball, 6, EV 88.1 MPH)
Batting: RHB Jason Thrash 0-0: Called Strike
0-1: Called Strike
0-2: SINGLE (Groundball, 3D, EV 101.2 MPH)
Batting: RHB Mario Cota 0-0: Foul Ball, location: 2F
0-1: Ball
1-1: Foul Ball, location: 2F
1-2: Fielders Choice at 2nd, 4-6 (Groundball, 34, EV 78.8 MPH)
Batting: SHB Matt Moore 0-0: Ball
1-0: Ground out 1-3 (Groundball, 15S, EV 72.5 MPH)
Bottom of the 1st over - 0 runs, 1 hit, 0 errors, 1 left on base; Helena 0 - Miami (APP) 0
TOP OF THE 2ND
Helena Brewers batting - Pitching for Miami (APP) Marlins : RHP Adam Brown
Batting: SHB Robert Sayer 0-0: Ball
1-0: Called Strike
1-1: Ball
2-1: Ball
3-1: Base on Balls
Pitching: RHP Matt Alexander
Batting: RHB Jonathan Sarles 0-0: Ball
1-0: Ball
2-0: Called Strike
Robert Sayer steals 2nd base
2-1: Swinging Strike
2-2: Strikes out swinging
Batting: RHB Ben Taylor 0-0: SINGLE (Line Drive, 7S, EV 88.1 MPH)
Robert Sayer to third
Runner from 3rd tries for Home, SAFE, throw by LF to home
Batting: LHB Umar Matoub 0-0: Ball
1-0: Called Strike
1-1: Ball
2-1: Swinging Strike
2-2: Ball
3-2: Base on Balls
Ben Taylor to second
Batting: RHB Nick Cummings 0-0: Called Strike
0-1: Foul Ball, location: 2F
0-2: Ball
1-2: Strikes out swinging
Batting: LHB Gabe Harvey 0-0: Foul Ball, location: 2F
0-1: Ball
1-1: Called Strike
1-2: Ball
2-2: Ball
3-2: DOUBLE (Flyball, 8LXD, EV 108.8 MPH)
Ben Taylor scores
Umar Matoub to third
Pitching: LHP Tyler Murders
Batting: SHB Mike Williams 0-0: Ball
1-0: Ball
2-0: Foul Ball, location: 2F
2-1: Foul Ball, location: 2F
2-2: Ball
3-2: SINGLE (Groundball, 56D, EV 97.5 MPH)
Umar Matoub scores
Gabe Harvey to third
Throwing error, E7
Gabe Harvey scores
Mike Williams to second
Batting: RHB Josh Nelson 0-0: Ball
1-0: Ground out 5-3 (Groundball, 56, EV 83.8 MPH)
Top of the 2nd over - 4 runs, 3 hits, 1 error, 1 left on base; Helena 4 - Miami (APP) 0
BOTTOM OF THE 2ND
Miami (APP) Marlins batting - Pitching for Helena Brewers : LHP Nolan Stefanski
Batting: RHB Keith Bennett 0-0: Ball
1-0: Called Strike
1-1: Swinging Strike
1-2: Ball
2-2: Foul Ball, location: 2F
2-2: Ball
3-2: Base on Balls
Batting: RHB Rick Knoblauch 0-0: Ball
1-0: Called Strike
1-1: Ball
2-1: Foul Ball, location: 2F
2-2: Strikes out swinging
Batting: LHB Gavrilo Brkic 0-0: Ball
1-0: Called Strike
1-1: Called Strike
1-2: Strikes out swinging
Batting: LHB Melvin Castro 0-0: Ground out 5-3 (Groundball, 15, EV 83.1 MPH)
Bottom of the 2nd over - 0 runs, 0 hits, 0 errors, 1 left on base; Helena 4 - Miami (APP) 0
TOP OF THE 3RD
Helena Brewers batting - Pitching for Miami (APP) Marlins : LHP Tyler Murders
Batting: LHB Pablo Cardona 0-0: Ball
1-0: Ball
2-0: Ball
3-0: Called Strike
3-1: Base on Balls
Batting: SHB Robert Sayer 0-0: Ball
1-0: Called Strike
1-1: Ball
2-1: Fielders Choice at 2nd, 6-4 (Groundball, 56, EV 85.0 MPH)
Batting: RHB Jonathan Sarles 0-0: Ball
1-0: Ball
Robert Sayer steals 2nd base
2-0: Called Strike
2-1: Ball
3-1: Base on Balls
Batting: RHB Ben Taylor 0-0: Ball
1-0: Fielders Choice at 2nd, 1-4 (Groundball, 25, EV 64.4 MPH)
Robert Sayer to third
Batting: LHB Umar Matoub 0-0: Called Strike
0-1: Ball
1-1: Swinging Strike
1-2: Strikes out looking
Top of the 3rd over - 0 runs, 0 hits, 0 errors, 2 left on base; Helena 4 - Miami (APP) 0
BOTTOM OF THE 3RD
Miami (APP) Marlins batting - Pitching for Helena Brewers : LHP Nolan Stefanski
Batting: LHB Bryan Wedge 0-0: Swinging Strike
0-1: Ball
1-1: Ground out 4-3 (Groundball, 4, EV 90.0 MPH)
Batting: RHB Adrian Bocker 0-0: Swinging Strike
0-1: Swinging Strike
0-2: Strikes out looking
Batting: RHB Jason Thrash 0-0: Ball
1-0: Swinging Strike
1-1: Fly out, F9 (Flyball, 9LM, EV 89.4 MPH)
Bottom of the 3rd over - 0 runs, 0 hits, 0 errors, 0 left on base; Helena 4 - Miami (APP) 0
TOP OF THE 4TH
Helena Brewers batting - Pitching for Miami (APP) Marlins : LHP Tyler Murders
Batting: RHB Nick Cummings 0-0: Called Strike
0-1: Reached via error on a dropped throw from SS, E3 (Groundball, 6, EV 85.0 MPH)
Batting: LHB Gabe Harvey 0-0: Foul Ball, location: 2F
0-1: Ball
1-1: 2-RUN HOME RUN (Flyball, 9D, EV 95.6 MPH), Distance : 366 ft
Batting: SHB Mike Williams 0-0: Foul Ball, location: 2F
0-1: Swinging Strike
0-2: Ball
1-2: SINGLE (Groundball, 34D, EV 111.2 MPH)
Batting: RHB Josh Nelson 0-0: Ball
1-0: Ball
2-0: Ball
3-0: Fly out, F8 (Flyball, 8LM, EV 90.0 MPH)
Batting: LHB Pablo Cardona 0-0: Called Strike
Mike Williams steals 2nd base
0-1: Ball
Passed Ball!
Mike Williams to third
1-1: 2-RUN HOME RUN (Flyball, 89XD, EV 103.8 MPH), Distance : 408 ft
Batting: SHB Robert Sayer 0-0: Ball
1-0: Called Strike
1-1: Ground out U3 (Groundball, 34, EV 105.0 MPH)
Batting: RHB Jonathan Sarles 0-0: Ball
1-0: Foul Ball, location: 2F
1-1: Foul Ball, location: 2F
1-2: Ball
2-2: SINGLE (Line Drive, 7LM, EV 106.9 MPH)
Batting: RHB Ben Taylor 0-0: Fly out, F9 (Line Drive, 9, EV 88.8 MPH)
Top of the 4th over - 4 runs, 4 hits, 1 error, 1 left on base; Helena 8 - Miami (APP) 0
BOTTOM OF THE 4TH
Miami (APP) Marlins batting - Pitching for Helena Brewers : LHP Nolan Stefanski
Batting: RHB Mario Cota 0-0: Ball
1-0: Ground out 1-3 (Groundball, 13S, EV 65.0 MPH)
Batting: SHB Matt Moore 0-0: Swinging Strike
0-1: Ball
1-1: Ball
2-1: Swinging Strike
2-2: Foul Ball, location: 2F
2-2: Ball
3-2: Base on Balls
Batting: RHB Keith Bennett 0-0: Grounds into double play, 5-4-3 (Groundball, 56, EV 85.0 MPH)
Bottom of the 4th over - 0 runs, 0 hits, 0 errors, 0 left on base; Helena 8 - Miami (APP) 0
TOP OF THE 5TH
Helena Brewers batting - Pitching for Miami (APP) Marlins : LHP Tyler Murders
Batting: LHB Umar Matoub 0-0: Called Strike
0-1: Ball
1-1: Ball
2-1: Foul Ball, location: 2F
2-2: Foul Ball, location: 2F
2-2: SINGLE (Line Drive, 34, EV 103.8 MPH)
Batting: RHB Nick Cummings 0-0: Swinging Strike
0-1: Called Strike
0-2: Foul Ball, location: 2F
0-2: SINGLE (Groundball, 4MD, EV 105.6 MPH)
Umar Matoub to second
Pitching: RHP Jeremy Akande
Batting: LHB Gabe Harvey 0-0: Ball
1-0: Swinging Strike
1-1: Ball
2-1: Foul Ball, location: 2F
2-2: Strikes out looking
Batting: SHB Mike Williams 0-0: Hit by Pitch
Umar Matoub to third
Nick Cummings to second
Batting: RHB Josh Nelson 0-0: Called Strike
0-1: Ball
1-1: Ball
2-1: Called Strike
2-2: Ball
3-2: Base on Balls
Umar Matoub scores
Nick Cummings to third
Mike Williams to second
Batting: LHB Pablo Cardona 0-0: Ball
1-0: Ball
2-0: Called Strike
2-1: Foul Ball, location: 2F
2-2: Ball
3-2: Base on Balls
Nick Cummings scores
Mike Williams to third
Josh Nelson to second
Pitching: LHP Mike Wasson
Batting: SHB Robert Sayer 0-0: Called Strike
0-1: Ball
1-1: Ball
2-1: Swinging Strike
2-2: Ball
3-2: Base on Balls
Mike Williams scores
Josh Nelson to third
Pablo Cardona to second
Batting: RHB Jonathan Sarles 0-0: Foul Ball, location: 2F
0-1: Ball
1-1: Swinging Strike
Passed Ball!
Josh Nelson scores
Pablo Cardona to third
Robert Sayer to second
1-2: Ground out 1-3 (Groundball, P, EV 68.1 MPH)
Batting: RHB Ben Taylor 0-0: Ball
Wild Pitch!
Pablo Cardona scores
Robert Sayer to third
1-0: Foul Ball, location: 2F
1-1: Foul Ball, location: 2F
1-2: Ball
2-2: Foul Ball, location: 2F
2-2: Ball
3-2: Foul Ball, location: 2F
3-2: Fly out, F3 (Popup, 3SF, EV 76.2 MPH)
Top of the 5th over - 5 runs, 2 hits, 0 errors, 1 left on base; Helena 13 - Miami (APP) 0
BOTTOM OF THE 5TH
Miami (APP) Marlins batting - Pitching for Helena Brewers : LHP Nolan Stefanski
Batting: RHB Rick Knoblauch 0-0: Called Strike
0-1: Ball
1-1: Swinging Strike
1-2: Ball
2-2: Strikes out swinging
Batting: LHB Gavrilo Brkic 0-0: Ball
1-0: Ball
2-0: Ball
3-0: Called Strike
3-1: Foul Ball, location: 2F
3-2: Strikes out swinging
Batting: LHB Melvin Castro 0-0: Swinging Strike
0-1: Foul Ball, location: 2F
0-2: Strikes out swinging
Bottom of the 5th over - 0 runs, 0 hits, 0 errors, 0 left on base; Helena 13 - Miami (APP) 0
TOP OF THE 6TH
Helena Brewers batting - Pitching for Miami (APP) Marlins : LHP Mike Wasson
Batting: LHB Umar Matoub 0-0: Called Strike
0-1: Ball
1-1: Ball
2-1: Ball
3-1: Called Strike
3-2: Strikes out swinging
Batting: RHB Nick Cummings 0-0: Called Strike
0-1: Called Strike
0-2: Ball
1-2: Ball
2-2: Strikes out looking
Batting: LHB Gabe Harvey 0-0: Ball
1-0: Called Strike
1-1: Swinging Strike
1-2: Ball
2-2: Foul Ball, location: 2F
2-2: Foul Ball, location: 2F
2-2: Ground out 5-3 (Groundball, 56, EV 83.8 MPH)
Top of the 6th over - 0 runs, 0 hits, 0 errors, 0 left on base; Helena 13 - Miami (APP) 0
BOTTOM OF THE 6TH
Miami (APP) Marlins batting - Pitching for Helena Brewers : LHP Nolan Stefanski
Batting: LHB Bryan Wedge 0-0: Swinging Strike
0-1: Swinging Strike
0-2: Ball
1-2: Ball
2-2: Foul Ball, location: 2F
2-2: Strikes out swinging
Batting: RHB Adrian Bocker 0-0: Ball
1-0: Called Strike
1-1: Ball
2-1: Swinging Strike
2-2: Ground out 6-3 (Groundball, 6, EV 89.4 MPH)
Batting: RHB Jason Thrash 0-0: Called Strike
0-1: Ball
1-1: Ball
2-1: SINGLE (Groundball, 56D, EV 103.8 MPH)
Batting: RHB Mario Cota 0-0: Called Strike
0-1: Ball
1-1: Foul Ball, location: 2F
1-2: Foul Ball, location: 2F
1-2: Ball
2-2: Strikes out swinging
Bottom of the 6th over - 0 runs, 1 hit, 0 errors, 1 left on base; Helena 13 - Miami (APP) 0
TOP OF THE 7TH
Helena Brewers batting - Pitching for Miami (APP) Marlins : LHP Mike Wasson
Pinch Hitting: SHB David Lass 0-0: DOUBLE (Line Drive, 5D, EV 105.0 MPH)
Batting: RHB Josh Nelson 0-0: Ball
1-0: Ball
2-0: Foul Ball, location: 2F
2-1: Foul Ball, location: 2F
2-2: Foul Ball, location: 2F
2-2: Ball
3-2: Foul Ball, location: 2F
3-2: SINGLE (Groundball, 6MD, EV 95.6 MPH)
David Lass to third
Pinch Hitting: RHB Tim West 0-0: Fly out, F8 (Flyball, 89M, EV 85.0 MPH)
Runner from 3rd tags up, SCORES, no throw by CF
Batting: SHB Robert Sayer 0-0: Ball
1-0: Foul Ball, location: 2F
1-1: Ball
Passed Ball!
Josh Nelson to second
2-1: Called Strike
2-2: DOUBLE (Groundball, 5L, EV 105.0 MPH)
Josh Nelson scores
Batting: RHB Jonathan Sarles 0-0: SINGLE (Groundball, 4MD, EV 95.6 MPH)
Robert Sayer to third
Runner from 3rd tries for Home, SAFE, throw by CF to home
Batting: RHB Ben Taylor 0-0: Ball
1-0: DOUBLE (Line Drive, 7LM, EV 102.5 MPH)
Jonathan Sarles to third
Batting: LHB Umar Matoub 0-0: Ball
1-0: Ball
2-0: Ball
3-0: Called Strike
3-1: Called Strike
3-2: Base on Balls
Batting: RHB Nick Cummings 0-0: Foul Ball, location: 2F
0-1: Swinging Strike
0-2: Ball
1-2: Foul Ball, location: 2F
1-2: Foul Ball, location: 2F
1-2: SINGLE (Groundball, 6MD, EV 103.8 MPH) (infield hit)
Jonathan Sarles scores
Ben Taylor to third
Umar Matoub to second
Batting: LHB Gabe Harvey 0-0: Fielders Choice at 2nd, 6-4 (Groundball, 6, EV 100.0 MPH)
Ben Taylor scores
Umar Matoub to third
Batting: SHB David Lass 0-0: Foul Ball, location: 2F
0-1: Called Strike
0-2: Strikes out swinging
Top of the 7th over - 5 runs, 6 hits, 0 errors, 2 left on base; Helena 18 - Miami (APP) 0
BOTTOM OF THE 7TH
Miami (APP) Marlins batting - Pitching for Helena Brewers : LHP Nolan Stefanski
Now in LF: Craig Wright
Now in CF: David Lass
Batting: SHB Matt Moore 0-0: Ball
1-0: Called Strike
1-1: Swinging Strike
1-2: Ball
2-2: Foul Ball, location: 2F
2-2: Strikes out swinging
Batting: RHB Keith Bennett 0-0: Called Strike
0-1: Ball
1-1: Foul Ball, location: 2F
1-2: Foul Ball, location: 2F
1-2: Fly out, F7 (Flyball, 78M, EV 85.6 MPH)
Batting: RHB Rick Knoblauch 0-0: Foul Ball, location: 2F
0-1: Fly out, F9 (Flyball, 9LD, EV 101.2 MPH)
Bottom of the 7th over - 0 runs, 0 hits, 0 errors, 0 left on base; Helena 18 - Miami (APP) 0
TOP OF THE 8TH
Helena Brewers batting - Pitching for Miami (APP) Marlins : LHP Mike Wasson
Batting: RHB Josh Nelson 0-0: Ball
1-0: Foul Ball, location: 2F
1-1: Foul Ball, location: 2F
1-2: Foul Ball, location: 2F
1-2: SOLO HOME RUN (Flyball, 7LD, EV 96.9 MPH), Distance : 352 ft
Batting: SHB Craig Wright 0-0: Swinging Strike
0-1: Ground out 6-3 (Groundball, 6, EV 86.9 MPH)
Batting: SHB Robert Sayer 0-0: Ball
1-0: Ball
2-0: Ground out U3 (Groundball, 3S, EV 86.9 MPH)
Batting: RHB Jonathan Sarles 0-0: Called Strike
0-1: SINGLE (Groundball, 6MD, EV 95.0 MPH)
Batting: RHB Ben Taylor 0-0: Called Strike
0-1: Ball
1-1: Foul Ball, location: 2F
1-2: Ball
2-2: Foul Ball, location: 2F
2-2: Ball
Wild Pitch!
Jonathan Sarles to second
3-2: Strikes out swinging
Top of the 8th over - 1 run, 2 hits, 0 errors, 1 left on base; Helena 19 - Miami (APP) 0
BOTTOM OF THE 8TH
Miami (APP) Marlins batting - Pitching for Helena Brewers : LHP Nolan Stefanski
Batting: LHB Gavrilo Brkic 0-0: Called Strike
0-1: Foul Ball, location: 2F
0-2: Strikes out swinging
Batting: LHB Melvin Castro 0-0: Ball
1-0: Called Strike
1-1: SINGLE (Groundball, 6D, EV 95.6 MPH)
Batting: LHB Bryan Wedge 0-0: Bunted foul
0-1: Bunted foul
0-2: Bunt missed, Strikeout!
Batting: RHB Adrian Bocker 0-0: Ball
1-0: Called Strike
1-1: Ball
2-1: Foul Ball, location: 2F
2-2: Strikes out swinging
Bottom of the 8th over - 0 runs, 1 hit, 0 errors, 1 left on base; Helena 19 - Miami (APP) 0
TOP OF THE 9TH
Helena Brewers batting - Pitching for Miami (APP) Marlins : LHP Mike Wasson
Batting: LHB Umar Matoub 0-0: Called Strike
0-1: Ball
1-1: Ball
2-1: Foul Ball, location: 2F
2-2: Strikes out swinging
Batting: RHB Nick Cummings 0-0: SINGLE (Groundball, 6M, EV 92.5 MPH) (infield hit)
Batting: LHB Gabe Harvey 0-0: Called Strike
0-1: Ball
1-1: SINGLE (Line Drive, 56D, EV 102.5 MPH)
Nick Cummings to second
Batting: SHB David Lass 0-0: Ball
1-0: Ball
2-0: Ball
3-0: Base on Balls
Nick Cummings to third
Gabe Harvey to second
Batting: RHB Josh Nelson 0-0: Foul Ball, location: 2F
0-1: Ball
1-1: Ball
2-1: SINGLE (Groundball, 6MD, EV 95.6 MPH)
Nick Cummings scores
Gabe Harvey to third
David Lass to second
Runner from 3rd tries for Home, SAFE, throw by CF to home
Batting: SHB Craig Wright 0-0: DOUBLE (Line Drive, 9LM, EV 93.8 MPH)
David Lass scores
Josh Nelson to third
Runner from 3rd tries for Home, SAFE, throw by RF to home
Batting: SHB Robert Sayer 0-0: Ball
1-0: TRIPLE (Line Drive, 89XD, EV 105.6 MPH)
Craig Wright scores
Batting: RHB Jonathan Sarles 0-0: Ball
1-0: Ball
2-0: Ball
3-0: Base on Balls
Batting: RHB Ben Taylor 0-0: Hit by Pitch
Jonathan Sarles to second
Batting: LHB Umar Matoub 0-0: Called Strike
0-1: Foul Ball, location: 2F
0-2: SINGLE (Line Drive, 8RS, EV 102.5 MPH)
Robert Sayer scores
Jonathan Sarles to third
Ben Taylor to second
Throwing error, E8
Jonathan Sarles scores
Ben Taylor to third
Umar Matoub to second
Pinch Hitting: RHB Dustin Pryor 0-0: Ball
1-0: Reached on error, E6 (Groundball, 56, EV 81.2 MPH)
Ben Taylor scores
Umar Matoub to third
Batting: LHB Gabe Harvey 0-0: Ball
Wild Pitch!
Umar Matoub scores
Dustin Pryor to second
1-0: Fly out, F4 (Line Drive, 4, EV 70.0 MPH)
Batting: SHB David Lass 0-0: Called Strike
0-1: Foul Ball, location: 2F
0-2: Ball
1-2: Strikes out swinging
Top of the 9th over - 9 runs, 6 hits, 2 errors, 1 left on base; Helena 28 - Miami (APP) 0
BOTTOM OF THE 9TH
Miami (APP) Marlins batting - Pitching for Helena Brewers : LHP Nolan Stefanski
Pitching: RHP Dave Hotaling
Now at 2B: Dustin Pryor
Batting: RHB Jason Thrash 0-0: Ball
1-0: Ball
2-0: Called Strike
2-1: Foul Ball, location: 2F
2-2: Strikes out looking
Batting: RHB Mario Cota 0-0: SINGLE (Groundball, 56S, EV 64.4 MPH) (infield hit)
Batting: SHB Matt Moore 0-0: Called Strike
0-1: Ball
1-1: Ball
2-1: Foul Ball, location: 2F
2-2: Strikes out looking
Batting: RHB Keith Bennett 0-0: Ball
1-0: Ball
Wild Pitch!
Mario Cota to second
2-0: Called Strike
2-1: Reached on error, E4 (Flyball, 34D, EV 95.6 MPH)
Mario Cota to third
Batting: RHB Rick Knoblauch 0-0: 3-RUN HOME RUN (Flyball, 78XD, EV 100.0 MPH), Distance : 425 ft
Batting: LHB Gavrilo Brkic 0-0: Called Strike
0-1: Foul Ball, location: 2F
0-2: Ball
1-2: Ball
2-2: Foul Ball, location: 2F
2-2: Strikes out swinging
Bottom of the 9th over - 3 runs, 2 hits, 1 error, 0 left on base; Helena 28 - Miami (APP) 3
Thursday, March 31st , 2022 - OOTP Baseball 22.12 Build 89